 Dungeon Crawl Stone Soup version 0.32-a0-871-ge202e49faa (webtiles) character file.

Game seed: 14537449573183747630

9082 Griffin23 the Carver (level 11, -9/99 HPs)
             Began as a Minotaur Fighter on Mar 30, 2024.
             Was an Elder of Nemelex Xobeh.
             Mangled by a yak (11 damage)
             ... on level 9 of the Dungeon.
             The game lasted 00:19:41 (9069 turns).

Griffin23 the Carver (Minotaur Fighter)             Turns: 9069, Time: 00:19:43

Health: -9/99      AC:  9    Str: 25    XL:     11   Next: 18%
Magic:  10/15      EV:  8    Int:  4    God:    Nemelex Xobeh [****..]
Gold:   486        SH:  0    Dex: 13    Spells: 10/10 levels left

rFire   . . .        f - +4 great sword (freeze)
rCold   + . .        (shield currently unavailable)
rNeg    . . .        n - +4 chain mail {rC+}
rPois   +            (helmet restricted)
rElec   .            (no cloak)
rCorr   .            s - +0 pair of gloves
SInv    .            (no boots)
Will    .....        (no amulet) Stlth
                     (no ring)
HPRegen 0.36/turn    (no ring)
MPRegen 0.14/turn

%: no passive effects
@: corroded, studying Translocations
A: horns 2, retaliatory headbutt, agile 1, poison resistance, inability to read
after injury 1
a: Renounce Religion, Draw Escape, Draw Destruction, Draw Summoning, Draw Stack,
Triple Draw, Deal Four


You were on level 9 of the Dungeon.
You worshipped Nemelex Xobeh.
Nemelex Xobeh was greatly pleased with you.
You visited 1 branch of the dungeon, and saw 11 of its levels.

You collected 486 gold pieces.

Inventory:

Hand Weapons
 a - a +0 long sword
 f - a +4 great sword of freezing (weapon)
Armour
 b - a +0 scale mail
 c - a +0 buckler
 n - a +4 chain mail of cold resistance (worn)
 s - a +0 pair of gloves (worn)
Jewellery
 m - a ring of flight
 t - a ring of poison resistance
 A - a +5 ring of evasion
Wands
 y - a wand of paralysis (16)
Scrolls
 g - 5 scrolls of teleportation {unknown}
 h - 2 scrolls of enchant armour {unknown}
 i - 21 scrolls of identify {unknown}
 l - 4 scrolls of revelation {unknown}
 o - 2 scrolls of fog {unknown}
 q - 5 scrolls of immolation {unknown}
 r - 3 scrolls of amnesia {unknown}
 u - 2 scrolls of poison {unknown}
 v - 2 scrolls of fear {unknown}
 x - a scroll of blinking {unknown}
 B - a scroll of enchant weapon {unknown}
 C - a scroll of noise {unknown}
 D - a scroll of butterflies {unknown}
 F - a scroll of vulnerability {unknown}
Potions
 d - 2 potions of might
 e - a potion of enlightenment
 j - a potion of berserk rage {unknown}
 k - 4 potions of curing
 p - 2 potions of invisibility {unknown}
 w - a potion of degeneration {unknown}
 z - 3 potions of mutation
 E - a potion of resistance {unknown}


   Skills:
 + Level 9.8 Fighting
 * Level 12.9 Long Blades
 + Level 9.9 Armour
 - Level 7.1 Shields
 + Level 7.0 Invocations


You had 10 spell levels left.
You didn't know any spells.
Your spell library contained the following spells:

 Spells                   Type           Power      Damage    Failure   Level
 Freeze                   Ice            0%         1d3       93%         1
 Frozen Ramparts          Ice            0%         1d1       100%        3
 Hailstorm                Conj/Ice       0%         3d5       100%        3


Dungeon Overview and Level Annotations

Branches:
Dungeon (11/15)            Temple (0/1) D:5            Lair (0/5) D:8
    Orc: D:9-12

Altars:
Ashenzari
Cheibriados
Elyvilon
Nemelex Xobeh
Trog
Vehumet
Wu Jian
The Shining One

Shops:
D:7 ((


Innate Abilities, Weirdness & Mutations

You have a pair of horns on your head.
You reflexively headbutt those who attack you in melee.
You are agile. (Dex +4, Str/Int -1)
Your system is resistant to poisons. (rPois)
You occasionally lose the ability to read scrolls when taking damage.


Message History

The yak is almost dead.
You hear violent peals of thunder!
Your Invocations skill increases to level 7!
You slash the yak! You freeze the yak. You headbutt the yak.
The yak is severely wounded.
The yak gores you but does no damage.
You slash the yak! You freeze the yak.
You kill the yak!
The yak gores you but does no damage.
You barely miss the yak. You headbutt the yak!
The yak is almost dead.
The yak gores you but does no damage.
You slash the yak! You freeze the yak.
You kill the yak!
The acid dragon spits acid at you. The splash of acid hits you!!
* * * LOW HITPOINT WARNING * * *
The acid corrodes you! The yak barely misses you.
It was a potion of curing.
You feel better. The acid dragon barely misses you.
The acid dragon claws you but does no damage.
The yak gores you!
* * * LOW HITPOINT WARNING * * *
It was a potion of mutation.
You feel extremely strange.
You feel resistant to poisons.
You occasionally lose the ability to read scrolls when taking damage.
You feel agile. The yak gores you but does no damage.
The acid dragon bites you.
* * * LOW HITPOINT WARNING * * *
The acid dragon claws you.
* * * LOW HITPOINT WARNING * * *
The yak gores you!
* * * LOW HITPOINT WARNING * * *
You can no longer stack cards.
The yak gores you.
* * * LOW HITPOINT WARNING * * *
The acid dragon bites you but does no damage.
The acid dragon claws you but does no damage.
The yak gores you!
You die...
Your body glows slightly and disappears.

........ #.......
........ .. ##########
#....... ........
#.###........## #.......
........
#..#..........##..#.....
........
#..............#..#.....
########
#.............#..#.....
##................##....
##.......D........#
#.... #$......@Y†......
##... ....#..#Y......
#... # #.ß#....... ##..
#))#....... #
#########ß.#....... ##
#.......ßß.#....... .##
#..ß.......#.....## ..#
#.##########...### ..##
#.###.#


You could see 2 yaks and an acid dragon.

Vanquished Creatures
  Snorg (D:11)
  2 two-headed ogres
  A fire crab (D:8)
  Pikel (D:6)
  A manticore (D:6)
  Sigmund (D:5)
  8 yaks
  2 wyverns
  Eustachio (D:6)
  A steam dragon (D:8)
  Menkaure (D:6)
  An acid dragon (D:9)
  A sky beast (D:6)
  2 black bears
  3 ice beasts
  3 centaurs
  4 lemures (D:6)
  2 kobold brigands
  2 bullfrogs (D:6)
  A scorpion (D:4)
  18 wights
  3 howler monkeys
  8 orc priests
  3 bombardier beetles
  2 gnoll boudas
  5 hounds
  2 jellies
  A sleepcap (D:4)
  13 orc wizards
  Terence (D:3)
  8 iguanas
  10 adders
  13 gnolls
  3 white imps
  2 ufetubi (D:5)
  3 ribbon worms
  3 dart slugs
  46 orcs
  7 endoplasms
  9 giant cockroaches
  8 goblins
  9 hobgoblins
  14 kobolds
  3 quokkas
  8 ball pythons
  4 bats
  5 frilled lizards
  5 rats
255 creatures vanquished.

Notes
Turn   | Place    | Note
-------+----------+-------------------------------------------
     0 | D:1      | Griffin23 the Minotaur Fighter began the quest for the Orb.
     0 | D:1      | Reached XP level 1. HP: 19/19 MP: 0/0
     2 | D:1      | Noticed a large abomination
     4 | D:1      | Noticed a large abomination
     6 | D:1      | Noticed a large abomination
     7 | D:1      | Noticed a small abomination
     8 | D:1      | Noticed a large abomination
     9 | D:1      | Noticed a large abomination
    11 | D:1      | Noticed a large abomination
    11 | D:1      | Noticed a large abomination
    13 | D:1      | Noticed a large abomination
    15 | D:1      | Noticed a large abomination
    15 | D:1      | Noticed a large abomination
    17 | D:1      | Noticed a large abomination
    17 | D:1      | Noticed a small abomination
    19 | D:1      | Noticed a large abomination
   307 | D:1      | Reached XP level 2. HP: 27/27 MP: 1/1
   893 | D:1      | Reached skill level 3 in Long Blades
   909 | D:1      | Reached XP level 3. HP: 28/33 MP: 2/2
  1279 | D:2      | Found a faded altar of an unknown god.
  1282 | D:2      | Prayed at the altar of an unknown god.
  1282 | D:2      | Became a worshipper of Nemelex Xobeh the Trickster
  1282 | D:2      | Reached * piety under Nemelex Xobeh
  1282 | D:2      | Received a gift from Nemelex Xobeh
  1520 | D:2      | Found an ornate altar of the Wu Jian Council.
  1546 | D:2      | Identified the +5 sling "Noyxkorph" {antimagic, Will+ Dex+4
                  | SInv}
  1732 | D:2      | Reached XP level 4. HP: 40/40 MP: 3/3
  2177 | D:3      | Found a sparkling altar of Nemelex Xobeh.
  2177 | D:3      | Found a snail-covered altar of Cheibriados.
  2177 | D:3      | Found a radiant altar of Vehumet.
  2178 | D:3      | Found a glowing golden altar of the Shining One.
  2179 | D:3      | Found a bloodstained altar of Trog.
  2194 | D:3      | Reached ** piety under Nemelex Xobeh
  2386 | D:3      | Reached skill level 4 in Long Blades
  2471 | D:3      | Identified the +1 leather armour of Eternity {Rampage
                  | rElec}
  2591 | D:3      | Noticed Terence
  2601 | D:3      | Killed Terence
  2602 | D:3      | Reached XP level 5. HP: 21/47 MP: 4/4
  2707 | D:3      | Received a gift from Nemelex Xobeh
  3127 | D:4      | Reached skill level 5 in Long Blades
  3127 | D:4      | Reached skill level 1 in Invocations
  3127 | D:4      | Reached XP level 6. HP: 55/55 MP: 5/5
  3132 | D:4      | Reached skill level 5 in Armour
  3154 | D:4      | Reached skill level 5 in Shields
  3167 | D:4      | Reached skill level 5 in Fighting
  3676 | D:4      | Reached XP level 7. HP: 37/61 MP: 7/7
  3862 | D:4      | Reached skill level 6 in Long Blades
  4081 | D:5      | Entered Level 5 of the Dungeon
  4179 | D:5      | Received a gift from Nemelex Xobeh
  4336 | D:5      | Reached *** piety under Nemelex Xobeh
  4344 | D:5      | Found a staircase to the Ecumenical Temple.
  4349 | D:5      | Noticed Sigmund
  4383 | D:5      | Killed Sigmund
  4384 | D:5      | Reached skill level 7 in Long Blades
  4384 | D:5      | Reached XP level 8. HP: 30/70 MP: 7/9
  4915 | D:6      | Noticed a manticore
  4921 | D:6      | Killed a manticore
  4922 | D:6      | Reached skill level 8 in Long Blades
  5016 | D:6      | Reached XP level 9. HP: 37/78 MP: 9/11
  5079 | D:6      | Reached skill level 9 in Long Blades
  5481 | D:6      | Noticed Menkaure
  5486 | D:6      | Killed Menkaure
  5505 | D:6      | Received a gift from Nemelex Xobeh
  5654 | D:6      | Noticed Eustachio
  5659 | D:6      | Noticed Pikel
  5662 | D:6      | Killed Pikel
  5662 | D:6      | Killed Eustachio
  5663 | D:6      | Reached skill level 10 in Long Blades
  5663 | D:6      | Reached skill level 5 in Invocations
  5879 | D:6      | Received a gift from Nemelex Xobeh
  6220 | D:7      | Found Keokleps's Antique Weapon Shoppe.
  6263 | D:7      | Found Tur Irao's Weapon Shop.
  6534 | D:7      | Reached XP level 10. HP: 79/86 MP: 13/13
  6633 | D:7      | Reached **** piety under Nemelex Xobeh
  6633 | D:7      | Received a gift from Nemelex Xobeh
  6929 | D:8      | You fall into a shaft and drop 3 floors!
  6934 | D:11     | Reached skill level 11 in Long Blades
  7020 | D:11     | Noticed Snorg
  7029 | D:11     | Killed Snorg
  7191 | D:10     | Entered Level 10 of the Dungeon
  7325 | D:9      | Noticed a two-headed ogre
  7335 | D:9      | Killed a two-headed ogre
  7336 | D:9      | Reached skill level 12 in Long Blades
  7493 | D:9      | Found a white marble altar of Elyvilon.
  7651 | D:8      | Noticed a fire crab
  7656 | D:8      | Killed a fire crab
  7847 | D:8      | Found a broken altar of Ashenzari.
  8070 | D:8      | Reached XP level 11. HP: 97/97 MP: 15/15
  8489 | D:8      | Found a staircase to the Lair.
  8546 | D:8      | Received a gift from Nemelex Xobeh
  8582 | D:8      | Noticed a two-headed ogre
  8593 | D:8      | Killed a two-headed ogre
  8853 | D:9      | Received a gift from Nemelex Xobeh
  8967 | D:9      | Reached ***** piety under Nemelex Xobeh
  9068 | D:9      | Gained mutation: Your system is resistant to poisons.
                  | (rPois) [potion of mutation]
  9068 | D:9      | Gained mutation: You occasionally lose the ability to read
                  | scrolls when taking damage. [potion of mutation]
  9068 | D:9      | Gained mutation: You are agile. (Dex +4, Str/Int -1)
                  | [potion of mutation]
  9069 | D:9      | HP: 2/99 [yak (5)]
  9069 | D:9      | Mangled by a yak

Illustrated notes

Levels and vault maps discovered:
D:1:      shiori_arrival_whats_in_store_for_you, layout_basic
D:2:      layout_basic, nicolae_ecumenical_pavilion, basic_altar,
          kennysheep_pointless_box, minmay_tetromino_t4
D:3:      minmay_evil_eye, layout_basic, minitemple, kennysheep_generic_room_8,
          uniq_terence
D:4:      layout_cave_pods
D:5:      layout_gridville, minmay_temple_entry_stoned_glass,
          minmay_tree_intersection, uniq_sigmund
D:6:      layout_loops_ring, minmay_manual_mess, uniq_menkaure, uniq_eustachio,
          uniq_pikel
D:7:      layout_loops_ring, serial_shops, nicolae_lakefront_shop,
          nicolae_shop_pleasant_corner_grove
D:8:      layout_rooms, nicolae_ashenzari_skybound, minmay_lair_entry_lava,
          minmay_misc_feat_chi
D:9:      layout_cave_pods, old_standard_altar, chequers_decorated_corner
D:10:     layout_roguey, mainiacjoe_overflow_chevrons,
          gammafunk_ghost_abyssal_escape, enter_bailey_3
D:11:     lemuel_reptile_caves, layout_loops_ring, david_orc_2, uniq_snorg

Skill      XL: |  1  2  3  4  5  6  7  8  9 10 11 |
---------------+----------------------------------+-----
Shields        | 4 5 6 7 |  7.1
Fighting       | 4 5 6 8 9 |  9.8
Armour         | 4 5 6 7 8 9 |  9.9
Long Blades    | 3 4 5 7 8 10 12 | 12.9
Invocations    | 1 2 4 5 6 7 |  7.0

Action                     |  1- 3 |  4- 6 |  7- 9 | 10-12 || total
---------------------------+-------+-------+-------+-------++-------
  Melee: Long sword        |   105 |   196 |   193 |       ||   494
         Headbutt          |    14 |    25 |    36 |    34 ||   109
         Great sword       |       |       |    60 |   138 ||   198
 Invoke: Draw Destruction  |       |       |    12 |    10 ||    22
         Triple Draw       |       |       |     1 |       ||     1
         Stack Five        |       |       |       |     1 ||     1
    Use: Potion            |       |     1 |     2 |     2 ||     5
 Armour: Scale mail        |    81 |    63 |       |       ||   144
         Chain mail        |       |   109 |   223 |   162 ||   494
  Dodge: Dodged            |    44 |    60 |   117 |    57 ||   278
  Block: Buckler           |    33 |    42 |    45 |       ||   120

Table legend: (Time is in decaauts)
 A = Elapsed time spent in this place.
 B = Non-inter-level travel time spent in this place.
 C = Inter-level travel time spent in this place.
 D = Time resting spent in this place.
 E = Time spent auto-exploring this place.
 F = Levels seen in this place.
 G = Mean time per level.
                   A        B        C        D        E       F      G
               +--------+--------+--------+--------+--------+-----+--------+
         Total |   9174 |   8937 |    237 |    632 |   6605 |  11 |  834.0 |
       Dungeon |   9174 |   8937 |    237 |    632 |   6605 |  11 |  834.0 |
               +--------+--------+--------+--------+--------+-----+--------+

Top non-repeatable levels by time:
     D:1: 1298 daAuts
     D:4: 1209 daAuts
     D:8: 1057 daAuts
     D:7: 1025 daAuts
     D:5: 1024 daAuts
     D:6: 963 daAuts
     D:3: 843 daAuts
     D:2: 803 daAuts
     D:9: 620 daAuts
    D:11: 264 daAuts
    D:10: 64 daAuts
